Unix NetHack Version 3.7.0-102 Work-in-progress - last build Apr 7 2024 00:22:53 (d302a6a9ff6341f1a922d8f5af178406b35fdf99,branch:master). Game began 2024-05-01 11:01:12, ended 2024-05-01 18:37:00. Grasshopper, neutral male human Wizard -------- ---.|....| |..0.....|---------- |.-...-..|.|%......| |...-0.00..|.......| |.-....|...|.......| |....-.--.-|...<...| |..0.......|.......| |.--...|...|.......| |....-.|---|.......| ---....-----------T| |`..>...........@| ------------------ Grasshopper the Magician St:16 Dx:15 Co:16 In:18 Wi:14 Ch:16 Neutral S:42372 Dlvl:4 $:852 HP:0(67) Pw:13(96) AC:-6 Xp:11/10245 T:16955 Satiated Latest messages: g - 2 blessed daggers named +2. E - an uncursed runed dagger named +0 (2 in total). h - an uncursed dagger named +0 (at the ready) (6 in total). There are many more objects here. The quantum mechanic hits! You are not affected. You hit the quantum mechanic! The quantum mechanic misses! You hit the quantum mechanic! The quantum mechanic hits! You are not affected. The Uruk-hai wields a crude short sword! The troll rises from the dead! You hit the quantum mechanic! The troll picks up an elven mithril-coat. The quantum mechanic misses! What do you want to drink? [m or ?*] ? What do you want to drink? [m or ?*] Never mind. $ - 309 gold pieces (852 in total). l - a brilliant blue potion. h - 2 uncursed daggers named +0 (at the ready) (8 in total). E - 3 uncursed runed daggers named +0 (5 in total). There are several more objects here. The troll picks up a dwarvish cloak. The quantum mechanic hits! You are not affected. You hit the troll! The troll misses! The troll misses! The troll misses! The quantum mechanic hits! Your position suddenly seems very uncertain! A mysterious force prevents you from teleporting! You hit the troll! The troll misses! The troll hits! The troll bites! The quantum mechanic hits! You are not affected. What do you want to zap? [fjnrwCDKLRS or ?*] ? In what direction? > You dig a hole through the floor. You fall through... Some of the adjacent objects fall through the hole. The troll hits! The troll hits! The troll bites! You die... Do you want your possessions identified? [ynq] (y) q Inventory: Coins ('$') $ - 852 gold pieces Amulets ('"') I - an uncursed amulet of flying Q - an uncursed amulet of reflection (being worn) Weapons (')') a - an uncursed +3 orcish dagger named +3 (weapon in left hand) g - 2 blessed +2 daggers named +2 h - 8 uncursed +0 daggers named +0 (at the ready) E - 5 uncursed +0 elven daggers named +0 Armor ('[') b - an uncursed +0 cloak of magic resistance (being worn) B - a blessed +5 pair of iron shoes (being worn) G - an uncursed +0 pair of leather gloves named +0 (being worn) H - an uncursed +0 dwarvish iron helm named +0 (being worn) Comestibles ('%') k - an uncursed tripe ration q - an uncursed magic lamp z - 2 uncursed food rations F - an uncursed lizard corpse named Lizard of Oz Y - an uncursed lizard corpse Scrolls ('?') o - an uncursed scroll of teleportation V - an uncursed scroll of identify Wands ('/') f - an uncursed wand of slow monster named 1 (0:7) j - an uncursed wand of teleportation named 13 (0:2) n - an uncursed wand of nothing named 1 (0:7) r - an uncursed wand of death named 1 (0:3) w - an uncursed wand of speed monster named 1 (0:6) C - an uncursed wand of locking named 1 (0:4) D - an uncursed wand of polymorph named 1 (0:4) K - an uncursed wand of magic missile named 1 (0:3) L - an uncursed wand of striking named 1 (0:4) R - an uncursed wand of light (0:10) S - an uncursed wand of digging named 1 (0:5) Rings ('=') d - an uncursed ring of teleportation e - an uncursed ring of protection from shape changers (on left hand) p - an uncursed ring of shock resistance W - an uncursed ring of invisibility X - an uncursed ring of slow digestion Potions ('!') l - an uncursed potion of invisibility m - an uncursed potion of healing Tools ('(') c - an uncursed lock pick i - an uncursed fire horn named 3 (0:5) t - an uncursed towel u - an uncursed +0 unicorn horn J - an uncursed tooled horn M - an uncursed expensive camera (0:87) Z - an uncursed oil lamp named flicker Gems/Stones ('*') N - an uncursed luckstone Grasshopper the Wizard's attributes: Background: You were a Magician, a level 11 male human Wizard. You were neutral, on a mission for Thoth who was opposed by Ptah (lawful) and Anhur (chaotic). You were left-handed. You were in Sokoban, on level 4. You entered the dungeon 16955 turns ago. You had 10245 experience points, 9755 more were needed to attain level 12. Your score was 42372 before end-of-game adjustments. Basics: You had 0 out of 67 hit points. You had 13 out of 96 energy points (spell power). Your armor class was -6. Your wallet contained 852 zorkmids. Autopickup was on for '$"=/!?+*' plus thrown, with exceptions. Final Characteristics: Your strength was 16 (limit:18/100). Your dexterity was 15 (base:16, limit:18). Your constitution was 16 (limit:18). Your intelligence was 18 (limit:18). Your wisdom was 14 (limit:18). Your charisma was 16 (limit:18). Final Status: You had wounded legs. You were satiated. You were unencumbered. You were wielding a dagger. You had expert skill with dagger. Final Attributes: You were piously aligned. You were magic-protected. You were cold resistant. You were sleep resistant. You were poison resistant. You were telepathic. You had a small defense bonus (+5). You were warded. You were protected from shape changers. You had reflection. You were lucky. You had extra luck. Bad luck did not time out for you. Good luck did not time out for you. You are dead. Miscellaneous: You encountered 1 bones level. Total elapsed playing time was 6 hours, 12 minutes and 29 seconds. Major events: Turn 1: Grasshopper the neutral male human Wizard entered the dungeon 800: entered the Gnomish Mines 1107: attained the rank of Conjurer (level 3) 3153: attained the rank of Thaumaturge (level 6) 4265: reached Mine Town 9824: acquired the Mines' End luckstone 11515: entered Sokoban 11532: attained the rank of Magician (level 10) 11903: completed 1st Sokoban level 12718: completed 2nd Sokoban level 13246: completed 3rd Sokoban level 14833: completed 4th Sokoban level 16955: killed by a troll Vanquished creatures: 2 vampire leaders 2 giant mimics a stalker a giant zombie 4 wargs 5 small mimics 3 xans an ettin mummy 5 trolls 2 wood golems a gelatinous cube a freezing sphere a flaming sphere a shocking sphere a large cat 2 tigers 2 tengu a leocrotta 2 stone giants 2 human mummies 2 red nagas a wraith 4 Grey-elves 2 soldiers 2 chameleons 4 giant beetles 2 quivering blobs a cockatrice a wolf 2 winter wolf cubs 2 lynxes 2 gremlins 4 leprechauns an iron piercer a black light a vampire bat 4 gnome rulers a dwarf mummy an ogre 3 owlbears 2 yetis 2 gold golems 2 werewolves 3 Green-elves 4 lizards 3 housecats 4 dwarf leaders a blue jelly a white unicorn a black unicorn a dust vortex 4 gnome mummies 4 snakes 7 apes a human zombie a rope golem 2 Woodland-elves 9 soldier ants 3 fire ants a bugbear an imp 3 quasits a wood nymph 2 mountain nymphs 13 Mordor orcs 4 rock piercers a rock mole a fog cloud a shrieker 14 gnome leaders 6 gnomish wizards 2 kobold mummies a red naga hatchling 4 gray oozes 2 barrow wights 4 elf zombies a giant ant 4 floating eyes 2 kittens 18 dwarves 4 homunculi a kobold leader 2 kobold shamans 16 hill orcs 10 rothes a rabid rat a centipede 6 giant bats a monkey an orc zombie 5 dwarf zombies 2 wererats a werejackal 7 iguanas 5 killer bees 4 acid blobs 2 gas spores 6 hobbits 2 manes 2 hobgoblins 6 giant rats 6 cave spiders 3 brown molds 3 yellow molds 3 green molds a red mold 59 gnomes 6 garter snakes a gnome zombie 6 geckos 18 jackals 4 foxes a kobold 3 goblins 9 grid bugs 4 bats 4 lichens 2 kobold zombies 10 newts 450 creatures vanquished. No species were genocided or became extinct. Voluntary challenges: You read items or engraved 26 times. You never engraved Elbereth. You never genocided any monsters. You never polymorphed an object. You never changed form. You used no wishes. You violated the special Sokoban rules once. Achievements: You entered a shop. You entered the Gnomish Mines. You attained the rank of Conjurer. You attained the rank of Thaumaturge. You entered Minetown. You entered a temple. You completed the Gnomish Mines. You entered Sokoban. You attained the rank of Magician. The Dungeons of Doom: levels 1 to 8 Level 1: "v, magic traps" A sink. Level 2: "arrow" Some fountains, a sink. Stairs down to The Gnomish Mines. Level 3: "dart" A fountain. Level 4: "box" A fountain. Level 5: "box" A fountain. Level 6: "Oracle" Many fountains. Oracle of Delphi. Level 7: A fountain, a sink. Stairs up to Sokoban, level 6. Level 8: "joes ghost" Final resting place for joes-Cav-Dwa-Fem-Law, killed by a gnome lady. The Gnomish Mines: levels 3 to 11 Level 3: Level 4: Level 5: Level 6: "MTdart" A temple and an altar, some fountains. Level 7: Level 8: Level 9: Level 10: Level 11: "ME" Sokoban: levels 6 up to 3 Level 3: Solved. Level 4: <- You were here. Solved. Final resting place for you, killed by a troll. Level 5: Solved. Level 6: Solved. Game over: ---------- / \ / REST \ / IN \ / PEACE \ / \ | Grasshopper | | 852 Au | | killed by a | | troll | | | | | | 2024 | *| * * * | * _________)/\\_//(\/(/\)/\//\/|_)_______ Goodbye Grasshopper the Wizard... You died in Sokoban on dungeon level 4 with 42287 points, and 852 pieces of gold, after 16955 moves. You were level 11 with a maximum of 67 hit points when you died.